 Dungeon Sprint DCSS version 0.30-a0-263-ge22c4ad894 (webtiles) character file.

Game seed: 9239527183541572050

4685 rocky1 the Fencer (level 10, -19/84 HPs)
             Began as a Djinni Warper on Oct 14, 2022.
             Was an Initiate of Gozag.
             Killed by mirror damage (40 damage)
             ... in the Dungeon (Sprint VII: "The Pits").
             The game lasted 00:08:39 (2482 turns).

rocky1 the Fencer (Djinni Warper)                   Turns: 2482, Time: 00:08:44

Health: -19/84     AC:  9    Str: 10    XL:     10   Next: 72%
Gold:   2257       EV: 12    Int: 15    God:    Gozag SH:  0 Dex: 17

rFire   + + +      SeeInvis .    r - +2 scimitar (flame)
rCold   x . .      Faith    .    (no shield)
rNeg    . . .      Spirit   .    m - +3 ring mail {rF+}
rPois   ∞          Reflect  .    (no helmet)
rElec   .          Harm     .    (no cloak)
rCorr   .          Rampage  .    (no gloves)
Will    +....      NoTele   +    (boots unavailable)
Stlth   +.........               (no amulet)
HPRegen 0.34/turn                (no ring)
MPRegen 0.00/turn                (no ring)

@: radiating poison, flying
A: sickness immunity, fire resistance 2, cold vulnerability 1, float, innate
caster, HP casting, extra vitality 1
a: Renounce Religion, Potion Petition, Call Merchant, Bribe Branch


You were in the Dungeon.
You worshipped Gozag.
Gozag was most pleased with you.
You visited 1 branch You collected 2682 gold pieces.
You paid 425 gold pieces to Gozag.

Inventory:

Hand Weapons
 a - a +0 falchion
 l - a +2 long sword of flaming
 r - a +2 scimitar of flaming (weapon)
Missiles
 d - 7 boomerangs of dispersal (quivered)
 g - a silver boomerang
 h - a boomerang
Armour
 b - a +0 leather armour
 k - a +3 chain mail
 m - a +3 ring mail of fire resistance (worn)
 s - a +5 ring mail
Jewellery
 n - a +3 ring of strength
 o - a +3 ring of intelligence
Scrolls
 c - a scroll of blinking
 j - a scroll of summoning
Potions
 e - 10 potions of curing
 f - 9 potions of heal wounds
 i - a potion of invisibility
 p - a potion of haste
 q - a potion of mutation


   Skills:
 + Level 12.3 Fighting
 + Level 15.0 Long Blades
 - Level 0.7 Throwing
 + Level 4.5 Armour
 + Level 5.3 Dodging
 + Level 9.7 Spellcasting


You had 3 spell levels left.
You knew the following spells:

 Your Spells              Type           Power      Damage    Failure   Level
a - Blink                 Tloc           72%        N/A       1%          2
b - Lesser Beckoning      Tloc           72%        N/A       1%          3
c - Vhi's Electric Charg  Tloc/Air       72%        N/A       1%          3
d - Teleport Other        Tloc           36%        N/A       1%          3
e - Manifold Assault      Tloc           36%        N/A       4%          4
f - Sting                 Tmut/Pois      100%       1d8       1%          1
g - Call Imp              Summ           36%        N/A       1%          2
h - Ignite Poison         Fire/Tmut/Pois 36%        N/A       1%          3
i - Olgreb's Toxic Radia  Pois           36%        N/A       4%          4
Your spell library was empty.

Dungeon Overview and Level Annotations

Branches:
Dungeon (1/1)

Altars:
Ashenzari
Cheibriados
Dithmenos
Elyvilon
Fedhas
Gozag
Hepliaklqana
Makhleb
Nemelex Xobeh
Okawaru
Qazlal
Ru
Trog
Uskayaw
Wu Jian
Xom
Yredelemnul
Zin
The Shining One
Jiyva
Lugonu


Innate Abilities, Weirdness & Mutations

You are immune to sickness and miasma.
You are immune to poison.
Your flesh is very heat resistant. (rF++)
You are vulnerable to cold. (rC-)
You float through the air rather than walking.
You learn spells naturally, not from books.
Your magical power is your life essence.
You have superior vitality. (+4 MHP)


Message History

You reach down and close the door.
Things that are here:
a +0 giant club; a +0 giant club
There is an open door, spattered with blood here.
You reach down and close the door.
You start resting.
Something unseen opens the door.
Casting: Manifold Assault (dangerous; 4% risk of failure)
Confirm with . or Enter, or press ? or * to list all spells.
Okay, then.
Casting: Manifold Assault (dangerous; 4% risk of failure)
Confirm with . or Enter, or press ? or * to list all spells.
You begin to radiate toxic energy.
The death knight is poisoned.
Casting: Olgreb's Toxic Radiance (dangerous; 4% risk of failure)
Confirm with . or Enter, or press ? or * to list all spells.
Your toxic radiance grows in intensity.
The death knight looks even sicker. x2
The death knight offers itself to Yredelemnul, and fills with unholy energy.
Unknown command.
Casting: Olgreb's Toxic Radiance (dangerous; 4% risk of failure)
Confirm with . or Enter, or press ? or * to list all spells.
Your toxic radiance grows in intensity.
The death knight looks as sick as possible!
The death knight reflects your damage back at you!
The death knight looks as sick as possible!
The death knight reflects your damage back at you!
The death knight invokes the aid of Yredelemnul against you.
Your body is wracked with pain!
* * * LOW HITPOINT WARNING * * *
Casting: Olgreb's Toxic Radiance (dangerous; 4% risk of failure)
Confirm with . or Enter, or press ? or * to list all spells.
Okay, then.
Casting: Olgreb's Toxic Radiance (dangerous; 4% risk of failure)
Confirm with . or Enter, or press ? or * to list all spells.
You ignite the poison in your surroundings!
The death knight seems to burn from within!!!
The death knight is almost dead.
* * * LOW HITPOINT WARNING * * *
The death knight reflects your damage back at you!
You die...
Your body crumbles into a pile of gold.

.....'................+
'#####......#..#......#
....##.........)......#
###'#####'#####''######
)...##.......##''#########
....##.......##......#...+
#'####.......##....###...#
....##...<...##...##.+...+
....##.......##.@##..##'##. #...
....##.......##..#..##...##. +...
######.......##.p#..#.....#. #...
##..###########..').+.....+hl+...
.#.############).#..#.....# p#...
##)#....#..[.##..#..##...## '...
.#)#....#..[[##..##..##+## ##p..
##.'.)..'..))##...##.'...+ ##§.$.
.#'#)...#..).##....###...###p..#.


You could see a death knight (reflects damage).

Vanquished Creatures
  A two-headed ogre (D)
  An orc high priest (D)
  A phantasmal warrior (D)
  A black mamba (D)
  A gargoyle (D)
  An orange demon (D)
  A komodo dragon (D)
  An ice devil (D)
  A wandering mushroom (D)
  A troll (D)
  2 wyverns (D)
  Edmund (D)
  A water moccasin (D)
  2 floating eyes (D)
  An ice beast (D)
  An orc warrior (D)
  A scorpion (D)
  A gnoll bouda (D)
  2 jellies (D)
  A gnoll (D)
  An adder (D)
  An ufetubus (D)
  A worm (D)
  2 orcs (D)
  A bat (D)
  2 endoplasms (D)
  2 giant cockroaches (D)
  A goblin (D)
  A hobgoblin (D)
  2 quokkas (D)
  A ball python zombie (D)
  2 frilled lizards (D)
  A kobold (D)
  A quokka skeleton (D)
42 creatures vanquished.

Vanquished Creatures (others)
  A troll (D)
1 creature vanquished.

Grand Total: 43 creatures vanquished

Notes
Turn   | Place    | Note
-------+----------+-------------------------------------------
     0 | D        | rocky1 the Djinni Warper began the quest for the Orb.
     0 | D        | rocky1 set off with the following spells memorised: Blink,
                  | Lesser Beckoning, Vhi's Electric Charge, Teleport Other,
                  | Manifold Assault.
     0 | D        | Reached XP level 1. HP: 18/18 MP: 0/0
    16 | D        | Reached skill level 2 in Long Blades
    20 | D        | Found a bloodstained altar of Trog.
    20 | D        | Found a viscous altar of Jiyva.
    20 | D        | Found a hazy altar of Hepliaklqana.
    20 | D        | Found an opulent altar of Gozag.
    21 | D        | Found a glowing golden altar of the Shining One.
    21 | D        | Found a glowing silver altar of Zin.
    21 | D        | Found a basalt altar of Yredelemnul.
    21 | D        | Found a shimmering altar of Xom.
    21 | D        | Found an ornate altar of the Wu Jian Council.
    21 | D        | Found a sacrificial altar of Ru.
    21 | D        | Found a stormy altar of Qazlal.
    21 | D        | Found an iron altar of Okawaru.
    21 | D        | Found a sparkling altar of Nemelex Xobeh.
    21 | D        | Found a burning altar of Makhleb.
    21 | D        | Found a blossoming altar of Fedhas.
    21 | D        | Found a white marble altar of Elyvilon.
    21 | D        | Found a shadowy altar of Dithmenos.
    21 | D        | Found a snail-covered altar of Cheibriados.
    24 | D        | Found a corrupted altar of Lugonu.
    25 | D        | Found a hide-covered altar of Uskayaw.
    25 | D        | Found a broken altar of Ashenzari.
    32 | D        | Became a worshipper of Gozag Ym Sagoz the Greedy
   136 | D        | Reached XP level 2. HP: 14/24 MP: 0/0
   181 | D        | Noticed a floating eye
   184 | D        | Reached skill level 3 in Long Blades
   186 | D        | Paralysed by a floating eye for 3 turns
   192 | D        | Killed a floating eye
   193 | D        | Reached skill level 6 in Long Blades
   193 | D        | Reached XP level 3. HP: 30/32 MP: 0/0
   193 | D        | Learned a level 1 spell: Sting
   193 | D        | Reached XP level 4. HP: 36/38 MP: 0/0
   193 | D        | Reached XP level 5. HP: 39/42 MP: 0/0
   193 | D        | Learned a level 2 spell: Call Imp
   344 | D        | Noticed an ice beast
   359 | D        | Killed an ice beast
   360 | D        | Reached skill level 7 in Long Blades
   360 | D        | Reached skill level 5 in Spellcasting
   360 | D        | Reached XP level 6. HP: 34/50 MP: 0/0
   472 | D        | Reached skill level 8 in Long Blades
   504 | D        | Noticed an ice devil
   512 | D        | HP: 3/76 [ice devil (34)]
   517 | D        | Killed an ice devil
   518 | D        | Reached skill level 10 in Long Blades
   518 | D        | Reached XP level 7. HP: 5/58 MP: 0/0
   518 | D        | Learned a level 3 spell: Ignite Poison
   964 | D        | Noticed Edmund
   964 | D        | Noticed an orc high priest
   964 | D        | Noticed a troll
   964 | D        | Noticed a troll
   977 | D        | Killed Edmund
   978 | D        | Reached XP level 8. HP: 16/66 MP: 0/0
   979 | D        | Killed a troll
   980 | D        | Reached skill level 11 in Long Blades
   988 | D        | Killed a troll
   990 | D        | Noticed an orange demon
   991 | D        | Noticed a ynoxinul
  1002 | D        | Killed an orc high priest
  1003 | D        | Reached skill level 10 in Fighting
  1003 | D        | Reached skill level 12 in Long Blades
  1003 | D        | Reached XP level 9. HP: 56/74 MP: 0/0
  1003 | D        | Learned a level 4 spell: Olgreb's Toxic Radiance
  1557 | D        | Noticed a gargoyle
  1563 | D        | Reached skill level 13 in Long Blades
  1566 | D        | Killed a gargoyle
  1778 | D        | Noticed a two-headed ogre
  1784 | D        | Killed a two-headed ogre
  1785 | D        | Reached skill level 14 in Long Blades
  1785 | D        | Reached XP level 10. HP: 27/83 MP: 0/0
  2010 | D        | Noticed a komodo dragon
  2019 | D        | Killed a komodo dragon
  2197 | D        | Noticed an orange demon
  2204 | D        | Killed an orange demon
  2279 | D        | Noticed a black mamba
  2282 | D        | Killed a black mamba
  2374 | D        | Noticed a phantasmal warrior
  2379 | D        | Killed a phantasmal warrior
  2380 | D        | Reached skill level 15 in Long Blades
  2380 | D        | Reached skill level 5 in Dodging
  2388 | D        | Noticed a death knight
  2390 | D        | Paralysed by an air elemental for 1 turns
  2395 | D        | Paralysed by an air elemental for 1 turns
  2482 | D        | Killed by mirror damage

Illustrated notes

Levels and vault maps discovered:
D:        pitsprint [storerooms_1, entrance_room_1, metal_vault_6, armoury_2,
          mini_pit_1, grid_room_1, main_hall_1, silver_pit, the_coven_1,
          the_vestibule_1, steel_vault_2, golden_pit, hallway_of_sentries,
          crystal_vault_1, iron_vault_1, final_vault]

Skill      XL: |  1  2  3  4  5  6  7  8  9 10 |
---------------+-------------------------------+-----
Long Blades    | 2 6 7 10 12 14 15 | 15.0
Fighting       | 4 6 7 8 10 11 12 | 12.3
Spellcasting   | 4 5 6 8 9 |  9.7
Armour         | 4 |  4.5
Dodging        | 5 |  5.3
Throwing       | |  0.7

Action                   |  1- 3 |  4- 6 |  7- 9 | 10-12 || total
-------------------------+-------+-------+-------+-------++-------
Melee: Falchion          |    28 |    10 |       |       ||    38
       Long sword        |       |    25 |    43 |       ||    68
       Punch             |       |     3 |       |       ||     3
       Scimitar          |       |       |    32 |    39 ||    71
 Cast: Manifold Assault  |       |       |    22 |    19 ||    41
       Sting             |       |       |     3 |       ||     3
       Ignite Poison     |       |       |     2 |     1 ||     3
       Olgreb's Toxic Ra |       |       |       |     3 ||     3
Invok: Potion Petition   |       |       |     1 |       ||     1
  Use: Potion            |       |     2 |     6 |       ||     8
       Scroll            |       |       |       |     1 ||     1
 Stab: Invisible         |       |       |     4 |       ||     4
Armor: Leather armour    |     5 |     3 |     1 |       ||     9
       Skin              |       |       |     5 |       ||     5
       Ring mail         |       |       |     2 |     3 ||     5
Dodge: Dodged            |    13 |    14 |    20 |     4 ||    51

Table legend: (Time is in decaauts)
 A = Elapsed time spent in this place.
 B = Non-inter-level travel time spent in this place.
 C = Inter-level travel time spent in this place.
 D = Time resting spent in this place.
 E = Time spent auto-exploring this place.
 F = Levels seen in this place.
 G = Mean time per level.
                   A        B        C        D        E       F      G
               +--------+--------+--------+--------+--------+-----+--------+
         Total |   2469 |   2407 |     62 |   1834 |      0 |   1 | 2469.0 |
       Dungeon |   2469 |   2407 |     62 |   1834 |      0 |   1 | 2469.0 |
               +--------+--------+--------+--------+--------+-----+--------+

Top non-repeatable levels by time:
       D: 2469 daAuts
